 Dungeon Crawl Stone Soup version 0.29.0-4-gdea44cf6ec (webtiles) character file.

Game seed: 6148203561200018073

45 qw the Vexing (level 3, -1/35 HPs)
             Began as an Ogre Enchanter on Sept 3, 2022.
             Slain by a kobold
             ... wielding a +0 dagger
              (3 damage)
             ... on level 2 of the Dungeon.
             The game lasted 00:00:53 (1186 turns).

qw the Vexing (Ogre Enchanter)                      Turns: 1186, Time: 00:00:53

Health: -1/35      AC:  3    Str: 14    XL:     3   Next: 64%
Magic:  6/6        EV:  9    Int: 16    God:
Gold:   19         SH:  0    Dex:  9    Spells: 6/6 levels left

rFire   . . .      SeeInvis .   Y - +0 spear
rCold   . . .      Faith    .   (no shield)
rNeg    . . .      Spirit   .   b - +0 robe
rPois   .          Reflect  .   (helmet restricted)
rElec   .          Harm     .   (no cloak)
rCorr   .          Rampage  .   (gloves unavailable)
Will    .....                   (boots unavailable)
Stlth   ++........              (no amulet)
HPRegen 0.11/turn               (no ring)
MPRegen 0.10/turn               (no ring)

@: no status effects
A: large, unfitting armour, tough skin 1
a: no special abilities


You were on level 2 of the Dungeon.
You visited 1 branch of the dungeon, and saw 2 of its levels.

You collected 19 gold pieces.


Innate Abilities, Weirdness & Mutations

You are too large for most types of armour.
You have tough skin. (AC +1)


   Skills:
 - Level 2.0 Fighting
 - Level 0.8 Short Blades
 + Level 2.6 Axes
 - Level 1.7 Dodging
 - Level 2.1 Stealth
 - Level 2.4 Spellcasting
 - Level 2.6 Hexes


You had 6 spell levels left.
You didn't know any spells.
Your spell library contained the following spells:

 Spells                   Type           Power      Damage    Failure   Level
 Ensorcelled Hibernation  Hex/Ice        12%        N/A       17%         2
 Confusing Touch          Hex            10%        N/A       21%         3
 Tukima's Dance           Hex            10%        N/A       21%         3
 Dazzling Flash           Conj/Hex       12%        N/A       34%         3

Inventory:

Hand Weapons
 Y - a +0 spear (weapon)
Armour
 b - a +0 robe (worn)
Potions
 e - a potion of attraction {unknown}
 g - a potion of flight {unknown}

Dungeon Overview and Level Annotations

Branches:
Dungeon (2/15)

Altars:

Annotations:
D:2 Robin


Message History

The goblin hits you but does no damage.
You hit the goblin.
You kill the goblin!
The goblin hits you but does no damage.
You hit the goblin but do no damage.
The hobgoblin no longer looks unusually strong.
The goblin completely misses you. The goblin hits you with a +0 dagger.
You hit the goblin.
The goblin is severely wounded.
The goblin hits you with a +0 club. The goblin misses you.
You closely miss the goblin.
The goblin is severely wounded.
The goblin no longer looks unusually strong. x2
The goblin misses you. The goblin hits you but does no damage.
You barely miss the goblin.
The goblin is severely wounded.
The goblin hits you but does no damage. The goblin hits you with a +0 club.
You hit the goblin.
You kill the goblin!
The goblin hits you but does no damage.
You hit the goblin.
You kill the goblin!
The goblin closely misses you.
Robin roars a battlecry!
The goblins go into a battle-frenzy!
You hit the goblin.
The goblin is moderately wounded.
The goblin closely misses you. The goblin barely misses you.
You hit the goblin.
You kill the goblin!
The goblin barely misses you.
You hit the kobold but do no damage. The goblin hits you but does no damage.
The kobold hits you but does no damage.
You hit the kobold.
The kobold is moderately wounded.
The goblin barely misses you. The kobold hits you but does no damage.
You hit the kobold.
The kobold is moderately wounded.
The goblin hits you with a +0 club. The kobold hits you with a +0 dagger.
You die...

###..#######.########
... ......%......... # #
........######.# ..
######### #.# ... #.#
.... ######.# .....
#......#
#....g###########.######
#..<.SK@g.........#
....Sg#############
..... .... ... .. .


You could see Robin, a hobgoblin (strong), a goblin (strong), 2 ball pythons and
a kobold.

Vanquished Creatures
  2 ball pythons (D:1)
  A bat (D:2)
  4 endoplasms (D:1)
  2 giant cockroaches (D:1)
  12 goblins
  5 hobgoblins
  6 kobolds (D:1)
  A quokka (D:2)
  A frilled lizard (D:1)
  4 rats (D:1)
38 creatures vanquished.

Notes
Turn   | Place    | Note
-------+----------+-------------------------------------------
     0 | D:1      | qw the Ogre Enchanter began the quest for the Orb.
     0 | D:1      | Reached XP level 1. HP: 16/16 MP: 3/3
     0 | D:1      | 0 ||| qw: Version: 0.1-a-102-g441f92d
     0 | D:1      | 0 ||| qw: Game counter: 5130
     0 | D:1      | 0 ||| qw: Always use a shield: true
     0 | D:1      | 0 ||| qw: God list: Okawaru
     0 | D:1      | 0 ||| qw: Allow faded altars: false
     0 | D:1      | 0 ||| qw: Do Orc after D:15 true
     0 | D:1      | 0 ||| qw: Do second Lair branch before Depths: true
     0 | D:1      | 0 ||| qw: Lair rune preference: random
     0 | D:1      | 0 ||| qw: Plans: Normal
     0 | D:1      | 0 ||| PLANNING D:1-11
   148 | D:1      | 148 ||| SWAPPING to +0 spear.
   149 | D:1      | 149 ||| DROPPING +1 dagger.
   201 | D:1      | Reached skill level 1 in Axes
   214 | D:1      | 214 ||| Stepping ~*~*~tactically~*~*~ (stealth).
   215 | D:1      | 215 ||| Stepping ~*~*~tactically~*~*~ (stealth).
   223 | D:1      | Reached skill level 1 in Fighting
   257 | D:1      | Reached XP level 2. HP: 27/27 MP: 5/5
   380 | D:1      | 380 ||| Stepping ~*~*~tactically~*~*~ (stealth).
   425 | D:1      | 425 ||| Stepping ~*~*~tactically~*~*~ (outnumbered).
   426 | D:1      | 426 ||| Stepping ~*~*~tactically~*~*~ (outnumbered).
   427 | D:1      | 427 ||| Stepping ~*~*~tactically~*~*~ (outnumbered).
   530 | D:1      | 530 ||| Stepping ~*~*~tactically~*~*~ (stealth).
   532 | D:1      | 532 ||| Stepping ~*~*~tactically~*~*~ (stealth).
   533 | D:1      | 533 ||| Stepping ~*~*~tactically~*~*~ (stealth).
   540 | D:1      | 540 ||| Stepping ~*~*~tactically~*~*~ (stealth).
   661 | D:1      | 661 ||| Stepping ~*~*~tactically~*~*~ (stealth).
   662 | D:1      | 662 ||| Stepping ~*~*~tactically~*~*~ (stealth).
   664 | D:1      | 664 ||| Stepping ~*~*~tactically~*~*~ (stealth).
   675 | D:1      | Reached XP level 3. HP: 29/35 MP: 6/6
   748 | D:1      | 748 ||| Stepping ~*~*~tactically~*~*~ (stealth).
  1010 | D:1      | 1010 ||| READING 3 scrolls labelled ECEZXI FIYSEM.
  1011 | D:1      | 1011 ||| READING scroll labelled UZOAST QAITAMN.
  1012 | D:1      | 1012 ||| DROPPING 2 potions of invisibility.
  1013 | D:1      | 1013 ||| DROPPING 2 scrolls of fear.
  1039 | D:2      | 1039 ||| STAIRDANCE
  1067 | D:2      | 1067 ||| STAIRDANCE
  1156 | D:2      | Noticed Robin
  1177 | D:2      | HP: 3/35 [goblin/+0 club[Robin] (6)]
  1186 | D:2      | HP: 2/35 [goblin/+0 club[Robin] (1)]
  1186 | D:2      | Slain by a kobold

Levels and vault maps discovered:
D:1:      mrwooster_arrival_statue_3, layout_rooms
D:2:      layout_basic, basic_altar, uniq_robin

Skill      XL: |  1  2  3 |
---------------+----------+-----
Axes           | 1 2 |  2.6
Fighting       | 1 2 |  2.0
Short Blades   | |  0.8
Dodging        | |  1.7
Stealth        | |  2.1
Spellcasting   | |  2.4
Hexes          | |  2.6

Action                   || total
-------------------------++-------
Melee: Spear             ||   112
       Dagger            ||     6
Throw: Javelin           ||    10
  Use: Scroll            ||     2
 Stab: Distracted        ||     1
Armor: Robe              ||    24
Dodge: Dodged            ||    58

Table legend:
 A = Non-vault XP
 B = Vault XP
 C = Vault XP percentage of total XP
 D = Non-vault monster count
 E = Vault monster count
 F = Vault count percentage of total count
                 A         B        C        D         E       F
            +---------+---------+-------+---------+---------+-------
      Total |      47 |      18 |  27.7 |      29 |       9 |  23.7
            +---------+---------+-------+---------+---------+-------
        D:1 |      41 |       0 |   0.0 |      26 |       0 |   0.0
        D:2 |       6 |      18 |  75.0 |       3 |       9 |  75.0
            +---------+---------+-------+---------+---------+-------
